Map: Fields of Death

Players

lllllllllll - Winner!

  • Race: Terran Terran

Mayo - Winner!

  • Race: Zerg Zerg

Tenonee

  • Race: Zerg Zerg
  • League: Diamond

lIlIlIlIlIlI

  • Race: Zerg Zerg
  • League: Diamond

VOD

Have the link to the VOD?

Description

Time

  • Played on: July 26, 2016, 7:11 a.m.
  • Length: 10:21
Show
View Real Time Build Order
Export as new Build Order

lllllllllll Terran - Winner!

Build Orders: Liberator Opening, MMM Bio 

Get SALT Encoding   

  12  0:01  SCV  
  13  0:13  SCV  
  14  0:18  Supply Depot  
  14  0:25  SCV  
  15  0:40  SCV  
  15  0:42  Barracks  
  16  0:47  Refinery  
  16  0:52  SCV  
  17  0:59  Refinery  
  17  1:04  SCV  
  18  1:17  SCV  
  19  1:31  Orbital Command  
  20  1:47  Supply Depot, Marine  
  20  1:57  SCV, Factory  
  21  2:05  Marine  
  22  2:13  SCV  
  23  2:23  Marine  
  23  2:25  SCV  
  25  2:42  Marine  
  25  2:43  Widow Mine  
  28  2:45  Starport, SCV  
  29  2:57  SCV  
  30  3:03  Marine  
  31  3:07  Command Center  
  31  3:16  Supply Depot  
  31  3:19  Factory Tech Lab  
  31  3:25  Supply Depot  
  31  3:37  Marine, Medivac  
  31  3:38  Supply Depot, SCV  
  35  3:42  Siege Tank  
  38  3:50  SCV  
  38  3:52  Barracks  
  38  3:54  Liberator  
  39  4:02  Barracks Reactor, SCV  
  40  4:14  SCV  
  44  4:23  Orbital Command  
  44  4:26  SCV  
  44  4:31  Siege Tank  
  48  4:39  Refinery, SCV  
  49  4:51  SCV  
  49  4:59  SCV  
  50  5:02  Barracks Tech Lab  
  50  5:03  Starport Reactor, SCV  
  51  5:07  Supply Depot  
  51  5:12  SCV  
  52  5:15  SCV  
  52  5:24  SCV  
  52  5:26  Marine, Siege Tank  
  52  5:27  Marine x2, SCV  
  59  5:36  SCV  
  59  5:39  SCV  
  59  5:40  Stimpack  
  59  5:44  Barracks  
  59  5:48  SCV  
  60  5:50  Command Center  
  60  5:51  SCV, Refinery  
  57  6:06  Marine  
  57  6:07  Marine  
  57  6:12  SCV x2  
  57  6:18  Engineering Bay  
  59  6:20  Engineering Bay  
  59  6:21  Marine  
  59  6:24  Marine x2, SCV  
  59  6:25  SCV  
  64  6:36  SCV  
  64  6:37  SCV  
  67  6:40  Barracks Tech Lab, Barracks  
  67  6:41  Factory  
  67  6:42  Marine x2  
  67  6:45  Marine  
  69  6:49  SCV  
  69  6:50  Starport  
  69  6:51  Terran Infantry Armor Level 1, Terran Infantry Weapons Level 1  
  70  6:54  SCV  
  70  6:57  Missile Turret  
  70  7:00  Missile Turret, Marine x2  
  70  7:01  SCV  
  74  7:03  Marauder  
  74  7:06  SCV  
  77  7:13  SCV  
  78  7:17  Medivac x2  
  78  7:19  SCV  
  83  7:25  Marauder  
  85  7:31  Combat Shields  
  85  7:32  Starport Reactor  
  85  7:34  SCV x2  
  85  7:35  Missile Turret, Orbital Command  
  85  7:36  Supply Depot  
  87  7:40  Liberator  
  87  7:42  Armory  
  87  7:45  Supply Depot, Marine, Marauder  
  87  7:46  Supply Depot, SCV  
  91  7:53  Marine x2  
  91  7:55  Missile Turret  
  91  7:56  Liberator  
  96  7:58  Factory Tech Lab  
  96  7:59  Barracks Tech Lab  
  96  8:11  Marine  
  96  8:12  Marine x2, Marauder  
  101  8:18  Refinery  
  101  8:19  Refinery  
  104  8:29  Marine, Marauder  
  104  8:30  Concussive Shells, Marine x2  
  104  8:32  Siege Tank  
  104  8:33  Marine  
  113  8:47  Marine x3  
  116  9:11  Liberator  
  116  9:13  Marine  
  117  9:18  Supply Depot  
  117  9:19  Supply Depot, Marine x2  
  117  9:20  Supply Depot, Marauder  
  117  9:21  Command Center  
  117  9:22  Siege Tank  
  117  9:25  Marauder  
  117  9:31  Marine  
  117  9:36  Missile Turret  
  117  9:39  Marine  
  117  9:40  Marine, Siege Tank, SCV  
  117  9:41  Marine, SCV  
  123  9:46  Marine  
  123  9:48  Medivac x2  
  123  9:49  Marine  
  128  9:57  Marine  
  128  9:58  Marine x2  
  131  10:03  SCV x3  
Show
View Real Time Build Order
Export as new Build Order

Mayo Zerg - Winner!

Build Orders: Hatch First, Lurkers 

Get SALT Encoding   

  12  0:01  Drone  
  13  0:12  Overlord  
  13  0:17  Drone  
  14  0:31  Drone x2  
  16  0:52  Hatchery  
  16  0:54  Drone  
  16  0:58  Drone  
  16  1:02  Extractor  
  16  1:15  Spawning Pool  
  16  1:18  Drone  
  16  1:21  Drone  
  17  1:26  Drone  
  17  1:30  Drone  
  19  1:41  Drone  
  20  1:51  Drone  
  21  2:03  Queen  
  21  2:04  Queen  
  21  2:05  Metabolic Boost  
  25  2:12  Overlord  
  25  2:19  Drone  
  25  2:21  Drone  
  27  2:28  Drone  
  28  2:34  Drone x2  
  30  2:50  Hatchery  
  29  2:52  Queen  
  29  2:58  Overlord  
  31  3:02  Drone x2  
  33  3:11  Drone x2  
  33  3:12  Drone  
  36  3:20  Drone x4  
  36  3:21  Drone  
  36  3:22  Drone  
  36  3:26  Overlord  
  42  3:37  Extractor, Roach Warren  
  42  3:40  Lair  
  40  3:48  Drone x3  
  41  3:49  Drone  
  41  3:53  Overlord  
  44  4:08  Overlord  
  44  4:11  Drone  
  44  4:12  Drone x5  
  44  4:13  Drone  
  51  4:18  Drone  
  51  4:22  Queen  
  51  4:24  Overlord  
  54  4:26  Spore Crawler  
  54  4:28  Spore Crawler  
  54  4:29  Drone x4  
  56  4:40  Glial Reconstitution  
  56  4:42  Drone x3  
  56  4:43  Drone  
  56  4:44  Drone, Hydralisk Den  
  60  4:46  Drone  
  61  4:57  Overlord  
  61  4:58  Roach x3  
  67  5:03  Spore Crawler  
  67  5:06  Drone x2  
  67  5:07  Drone x4  
  70  5:10  Extractor  
  70  5:11  Overlord  
  70  5:13  Lurker Den  
  71  5:15  Extractor  
  71  5:20  Roach x2  
  74  5:25  Overlord  
  74  5:27  Roach  
  74  5:28  Roach  
  78  5:33  Roach  
  80  5:35  Zergling x2  
  80  5:36  Overlord x2, Zergling x2  
  82  5:44  Roach  
  82  5:45  Roach x2  
  82  5:46  Roach  
  82  5:48  Overlord  
  90  5:50  Extractor  
  90  5:56  Roach x3  
  90  5:57  Roach x2  
  89  6:14  Drone x5  
  89  6:15  Drone x5  
  89  6:18  Extractor, Hydralisk x4  
  99  6:19  Hydralisk  
  108  6:26  Drone  
  108  6:27  Drone  
  110  6:37  Drone  
  111  6:42  Hatchery, Extractor  
  111  6:44  Drone x2, Extractor  
  110  6:52  Infestation Pit  
  109  6:59  Lurker x2  
  109  7:00  Evolution Chamber, Lurker x2  
  112  7:02  Lurker, Overlord  
  112  7:03  Evolution Chamber, Overlord  
  112  7:05  Drone x2  
  112  7:07  Overlord x3  
  114  7:35  Zerg Missile Weapons Level 1, Zerg Ground Armor Level 1  
  112  7:41  Hive  
  112  7:45  Drone x2  
  112  7:47  Hydralisk x4  
  112  7:48  Hydralisk x3  
  112  7:50  Overlord x2  
  112  7:51  Overlord  
  128  7:57  Hatchery  
  127  7:59  Hatchery  
  126  8:06  Overlord x2  
  126  8:19  Lurker  
  129  8:20  Lurker x3  
  130  8:29  Lurker x2  
  132  8:34  Roach  
  132  8:35  Roach x6  
  132  8:40  Overlord  
  132  8:41  Overlord  
  123  9:33  Zergling x2  
  123  9:34  Zergling x30  
  123  9:35  Zergling x20  
  137  9:53  Overlord x3  
  137  10:02  Evolution Chamber x2, Ultralisk Cavern  
Show
View Real Time Build Order
Export as new Build Order

Tenonee Zerg 

Build Orders: Hatch First 

Get SALT Encoding   

  12  0:01  Drone  
  13  0:10  Drone  
  14  0:18  Overlord  
  14  0:37  Drone x3  
  17  0:49  Drone  
  18  0:58  Hatchery  
  17  1:05  Drone  
  17  1:09  Extractor  
  17  1:15  Spawning Pool  
  16  1:22  Drone x2  
  18  1:39  Drone  
  19  1:46  Drone  
  20  1:52  Overlord  
  20  2:14  Queen x2  
  24  2:17  Metabolic Boost  
  24  2:23  Drone x2  
  24  2:24  Drone x2  
  28  2:31  Drone  
  29  2:40  Roach Warren  
  29  2:42  Overlord x2  
  28  3:00  Queen x2  
  28  3:02  Drone x2  
  34  3:15  Drone x2  
  34  3:16  Drone x3  
  39  3:22  Drone  
  40  3:30  Drone x2  
  40  3:31  Drone x2  
  40  3:33  Overlord  
  44  3:57  Lair  
  44  4:02  Roach x2  
  48  4:08  Extractor  
  48  4:09  Extractor  
  46  4:11  Extractor  
  45  4:18  Hatchery  
  45  4:22  Drone x3  
  45  4:23  Drone  
  45  4:24  Drone x2  
  50  4:25  Overlord  
  50  4:26  Overlord  
  41  5:04  Overlord x3  
  41  5:06  Roach x9  
  59  5:10  Glial Reconstitution  
  56  5:25  Overseer  
  56  5:28  Drone  
  56  5:29  Drone x4  
  56  5:33  Queen  
  63  5:37  Pneumatized Carapace  
  63  5:43  Overlord  
  63  6:04  Roach x6  
  75  6:17  Drone x3  
  75  6:18  Drone x2  
  80  6:20  Ravager  
  80  6:21  Ravager x4  
  85  6:27  Drone x2  
  85  6:29  Drone  
  88  6:34  Zergling x2  
  89  6:40  Overlord  
  89  6:41  Overlord  
  89  6:51  Drone x3  
  89  6:52  Evolution Chamber  
  89  6:53  Evolution Chamber  
  90  7:08  Drone x6  
  95  7:09  Drone x2  
  95  7:15  Spire  
  97  7:32  Zerg Ground Armor Level 1, Zerg Melee Weapons Level 1  
  97  7:41  Drone x3  
  97  7:42  Drone  
  101  7:44  Extractor  
  101  7:46  Extractor, Drone x4  
  101  7:47  Drone x5  
  109  7:51  Zergling x2  
  109  7:53  Zergling x2  
  109  7:56  Overlord x2  
  110  8:31  Mutalisk x10  
  110  8:32  Hatchery  
  127  8:41  Overlord x2  
  117  9:05  Mutalisk  
  117  9:06  Mutalisk x4  
  102  9:34  Roach x5  
  102  9:35  Roach x14  
  131  9:53  Roach x4  
  131  9:54  Roach x4  
  147  10:01  Roach  
  147  10:02  Roach  
  147  10:03  Overlord  
Show
View Real Time Build Order
Export as new Build Order

lIlIlIlIlIlI Zerg 

Build Orders: Pool First 

Get SALT Encoding   

  12  0:01  Drone  
  13  0:08  Drone  
  14  0:18  Overlord  
  14  0:28  Extractor  
  14  0:29  Extractor, Drone  
  14  0:30  Drone  
  16  0:37  Drone  
  16  0:38  Extractor  
  16  0:44  Drone  
  17  0:55  Spawning Pool  
  16  1:08  Drone x2  
  18  1:28  Hatchery  
  17  1:34  Drone  
  17  1:37  Drone  
  19  1:43  Drone  
  20  1:47  Metabolic Boost  
  20  1:57  Drone  
  21  2:12  Overlord  
  21  2:14  Queen  
  21  2:15  Extractor  
  23  2:31  Overlord  
  23  2:32  Roach Warren  
  23  2:33  Drone x2  
  24  2:45  Overlord x2  
  24  2:54  Queen  
  26  3:05  Drone x2  
  28  3:14  Roach x2  
  28  3:16  Roach  
  34  3:30  Roach x2  
  34  3:31  Roach  
  42  3:41  Roach x2  
  42  3:42  Zergling x4  
  46  3:56  Roach  
  46  3:57  Roach  
  46  3:59  Drone x2  
  46  4:02  Extractor  
  51  4:15  Drone  
  51  4:17  Overlord x2  
  51  4:50  Zergling x20  
  61  4:59  Lair  
  61  5:08  Ravager  
  61  5:09  Ravager  
  61  5:14  Ravager  
  66  5:35  Roach  
  66  5:36  Roach  
  66  5:37  Overlord x4  
  45  6:13  Drone x4  
  45  6:14  Drone x2, Glial Reconstitution  
  45  6:17  Extractor  
  48  6:19  Evolution Chamber  
  48  6:24  Hatchery  
  48  6:25  Drone x2  
  48  6:26  Extractor  
  48  6:29  Queen  
  49  6:36  Roach x2  
  53  6:45  Zerg Missile Weapons Level 1  
  53  6:46  Roach  
  53  6:47  Roach x3  
  61  6:59  Overseer x2  
  61  7:03  Drone  
  61  7:04  Drone x2  
  64  7:08  Burrow  
  64  7:10  Roach x3  
  60  7:39  Roach x8  
  76  7:47  Ravager x2  
  80  7:57  Drone  
  80  7:58  Drone x6  
  85  8:12  Ravager x4  
  89  8:17  Drone x5  
  89  8:19  Extractor  
  93  8:22  Extractor  
  92  8:34  Ravager x3  
  92  8:38  Drone  
  92  8:39  Drone x8  
  82  9:01  Roach x9  
  76  9:21  Evolution Chamber, Infestation Pit  
  74  9:26  Roach x8  
Tags
 
Add a new tag
Caveats
  • Supply blocks, unpowered buildings, or Contaminate may cause inaccurate times.
  • Supply counts are checked every 10 seconds.